 Dungeon Crawl Stone Soup version 0.28.0 (webtiles) character file.

Game seed: 13736794519949462044

36437 browni3141 the Fighter (level 13, -1/125 HPs)
             Began as a Minotaur Berserker on Feb 10, 2022.
             Was an Elder of Trog.
             Slain by a six-headed hydra (8 damage)
             ... on level 5 of the Lair of Beasts.
             The game lasted 00:09:37 (16637 turns).

browni3141 the Fighter (Minotaur Berserker)        Turns: 16637, Time: 00:09:38

Health: -1/125     AC: 20    Str: 25    XL:     13   Next: 53%
Magic:  12/12      EV: 13    Int:  4    God:    Trog [****..]
Gold:   911        SH:  0    Dex: 12    Spells: 12/12 levels left

rFire   + . .      SeeInvis .   V - +2 executioner's axe (vorpal)
rCold   . . .      Faith    .   (shield currently unavailable)
rNeg    . . .      Spirit   .   z - +2 chain mail {rF+}
rPois   +          Reflect  .   (helmet restricted)
rElec   .          Harm     .   S - +0 cloak
rCorr   .          Rampage  .   y - +0 pair of gloves
Will    .....                   b - +0 pair of boots
Stlth   ..........              (no amulet)
HPRegen 0.30/turn               r - ring of poison resistance
MPRegen 0.13/turn               N - +4 ring of slaying

@: on berserk cooldown, slowed, very slow
A: horns 2, retaliatory headbutt
a: Renounce Religion, Berserk, Trog's Hand, Brothers in Arms


You were on level 5 of the Lair of Beasts.
You worshipped Trog.
Trog was greatly pleased with you.
You visited 2 branches of the dungeon, and saw 16 of its levels.

You collected 911 gold pieces.

Inventory:

Hand Weapons
 a - a +0 hand axe
 B - a +0 vorpal war axe
 V - a +2 vorpal executioner's axe (weapon)
Missiles
 w - 3 throwing nets (quivered)
Armour
 b - a +0 pair of boots (worn)
 y - a +0 pair of gloves (worn)
 z - a +2 chain mail of fire resistance (worn)
 R - a +0 kite shield
 S - a +0 cloak (worn)
Jewellery
 p - a ring of magical power
 r - a ring of poison resistance (left hand)
 t - a +4 ring of evasion
 x - a +4 ring of protection
 D - a +4 ring of evasion
 H - a +6 ring of dexterity
 L - a ring of fire
 M - a ring of positive energy
 N - a +4 ring of slaying (right hand)
 Q - a +4 ring of protection
 U - a +6 ring of intelligence
Wands
 d - a wand of charming (1)
 v - a wand of mindburst (27)
 C - a wand of paralysis (25)
 O - a wand of flame (7)
Scrolls
 c - 2 scrolls of acquirement {unknown}
 e - 6 scrolls of blinking {unknown}
 f - 7 scrolls of identify {unknown}
 g - 5 scrolls of amnesia {unknown}
 h - a scroll of immolation {unknown}
 i - a scroll of brand weapon {unknown}
 m - a scroll of vulnerability {unknown}
 s - 3 scrolls of holy word {unknown}
 A - 3 scrolls of teleportation {unknown}
 E - 2 scrolls of silence {unknown}
 F - 3 scrolls of noise {unknown}
 G - 4 scrolls of fog {unknown}
 P - a scroll of magic mapping {unknown}
 X - a scroll of enchant weapon {unknown}
Potions
 j - 6 potions of curing {unknown}
 k - 3 potions of magic {unknown}
 l - 3 potions of mutation {unknown}
 n - 2 potions of heal wounds {unknown}
 o - 5 potions of degeneration {unknown}
 q - a potion of flight {unknown}
 u - 4 potions of lignification {unknown}
 I - a potion of might {unknown}
 J - a potion of attraction {unknown}
 K - 3 potions of haste {unknown}
 T - a potion of berserk rage {unknown}
 W - a potion of cancellation {unknown}


   Skills:
 + Level 14.5 Fighting
 + Level 14.5 Axes
 + Level 14.3 Armour
 + Level 13.1 Dodging


You had 12 spell levels left.
You didn't know any spells.
Your spell library was empty.

Dungeon Overview and Level Annotations

Branches:
Dungeon (11/15)              Lair (5/6) D:11         Shoals (0/4) Lair:4
  Snake (0/4) Lair:2          Orc (0/2) D:9
 Temple: D:4-7        Slime: Lair:5-6

Altars:
Ashenzari
Dithmenos
Elyvilon
Gozag
Makhleb
Okawaru
Qazlal
Trog
Zin

Shops:
D:3 (

Annotations:
Lair:1 2 transporters, 4 exclusions, PoweredByGinger's ghost, journeyman MiBe
Lair:3 2 transporters, pkoi's ghost, journeyman DrAE
Lair:5 2 transporters


Innate Abilities, Weirdness & Mutations

You have a pair of horns on your head.
You reflexively headbutt those who attack you in melee.


Message History

The six-headed hydra bites you!
* * * LOW HITPOINT WARNING * * *
The six-headed hydra bites you!
* * * LOW HITPOINT WARNING * * *
The six-headed hydra bites you but does no damage.
The six-headed hydra bites you.
* * * LOW HITPOINT WARNING * * *
The six-headed hydra bites you.
The six-headed hydra bites you but does no damage.
The six-headed hydra bites you but does no damage.
The six-headed hydra bites you!
* * * LOW HITPOINT WARNING * * *
The six-headed hydra bites you but does no damage. x2
The six-headed hydra bites you!
* * * LOW HITPOINT WARNING * * *
The six-headed hydra bites you.
* * * LOW HITPOINT WARNING * * *
You turn to flesh and can move again.
Unknown command.
Unknown command.
Unknown command.
Okay, then.
You fail to use your ability.
The six-headed hydra bites you but does no damage.
The six-headed hydra misses you. The six-headed hydra bites you.
* * * LOW HITPOINT WARNING * * *
The six-headed hydra bites you but does no damage.
The six-headed hydra barely misses you.
The six-headed hydra bites you but does no damage.
The six-headed hydra bites you.
* * * LOW HITPOINT WARNING * * *
The six-headed hydra bites you but does no damage.
The six-headed hydra barely misses you. x2; The six-headed hydra bites you.
* * * LOW HITPOINT WARNING * * *
The six-headed hydra bites you but does no damage.
Unknown command.
Unknown command.
Your ogre goes berserk!
The six-headed hydra bites you!
You die...

#.P#...........#
#..............##
#...........#.#
#............# #
#............# ..P
###.......P..#
....###.########..#
..(...††# #..# .......@#
#..##
......O.Dlkrr..##..##
........#l.....#....####
.......##l.....#....#...
.....## #######.......
..... #....... .....
#....... .... ##.......
#.#......


You could see a six-headed hydra (ally target), a basilisk, a rime drake, 2
wyverns, 2 hell rats and a friendly ogre (summoned, berserk).

Vanquished Creatures
  Snorg (Lair:4)
  Harold (D:7)
  A boulder beetle (Lair:5)
  4 hydras
  A centaur warrior (D:9)
  2 two-headed ogres
  Sonja (Lair:4)
  An ugly thing (D:11)
  A cyclops (D:11)
  A manticore (D:11)
  7 elephants
  An elephant (shapeshifter) (D:8)
  2 gargoyles
  2 torpor snails
  Psyche (D:10)
  9 cane toads
  5 rime drakes (Lair:5)
  4 komodo dragons
  A polar bear (Lair:4)
  A troll (D:10)
  12 blink frogs
  2 shadows (D:10)
  4 wyverns (Lair:5)
  56 yaks
  A wraith (D:10)
  2 humans (D:9)
  2 basilisks
  A steam dragon (D:7)
  Grum (D:8)
  5 vampire mosquitoes
  2 nagas (Lair:2)
  6 water moccasins
  An orc warrior (D:10)
  4 black bears
  2 sky beasts
  2 necrophages (D:5)
  An ogre (D:5)
  4 centaurs
  10 wolves
  2 kobold brigands
  A gnoll sergeant (D:9)
  9 bullfrogs
  3 scorpions
  A water moccasin zombie (D:5)
  4 killer bees (D:7)
  6 wights (D:9)
  2 electric eels (D:7)
  5 howler monkeys
  4 bullfrog zombies
  7 centaur zombies
  A hound (D:5)
  A jelly (D:5)
  2 orc priests
  A centaur skeleton (D:6)
  3 bullfrog skeletons
  2 iguanas
  Terence (D:3)
  2 orc wizards
  10 hell rats
  A howler monkey zombie (D:6)
  4 gnolls (D:9)
  4 adders
  An ufetubus (D:5)
  3 adder skeletons
  A dart slug (D:3)
  25 orcs
  4 ball pythons
  4 bats
  2 endoplasms (D:1)
  A giant cockroach (D:3)
  7 goblins
  A hobgoblin (D:1)
  6 jackals
  11 kobolds
  A quokka (D:5)
  A rat (D:3)
309 creatures vanquished.

Vanquished Creatures (others)
  A bush (Lair:5)
  9 fungi
  22 plants
32 creatures vanquished.

Grand Total: 341 creatures vanquished

Notes
Turn   | Place    | Note
-------+----------+-------------------------------------------
     0 | D:1      | browni3141 the Minotaur Berserker began the quest for the
                  | Orb.
     0 | D:1      | Reached XP level 1. HP: 19/19 MP: 0/0
   254 | D:1      | Found a faded altar of an unknown god.
   261 | D:1      | Reached XP level 2. HP: 25/27 MP: 1/1
   499 | D:3      | Noticed Terence
   510 | D:3      | Killed Terence
   511 | D:3      | Reached XP level 3. HP: 33/33 MP: 2/2
   682 | D:3      | Found Siekhlest's Antique Weapon Emporium.
   718 | D:3      | Noticed a phantom
   719 | D:3      | Noticed a black bear
   876 | D:3      | Found a glowing silver altar of Zin.
   930 | D:3      | Reached XP level 4. HP: 23/41 MP: 3/3
  1215 | D:3      | Found a broken altar of Ashenzari.
  1538 | D:4      | Found a white marble altar of Elyvilon.
  1574 | D:4      | Reached ** piety under Trog
  1586 | D:5      | Entered Level 5 of the Dungeon
  1592 | D:4      | Reached XP level 5. HP: 25/47 MP: 4/4
  1790 | D:5      | Reached skill level 5 in Fighting
  1790 | D:5      | Reached skill level 5 in Axes
  1962 | D:5      | Reached XP level 6. HP: 50/56 MP: 5/5
  2659 | D:5      | Reached skill level 5 in Armour
  2659 | D:5      | Reached XP level 7. HP: 45/62 MP: 6/6
  3238 | D:5      | Found a bloodstained altar of Trog.
  3263 | D:5      | Reached skill level 5 in Dodging
  3544 | D:6      | Noticed a four-headed hydra
  3636 | D:6      | Found a stormy altar of Qazlal.
  3638 | D:6      | Found an opulent altar of Gozag.
  3647 | D:6      | Found a shadowy altar of Dithmenos.
  3663 | D:6      | Reached XP level 8. HP: 47/71 MP: 7/7
  4159 | D:7      | Noticed Harold
  4174 | D:7      | Killed Harold
  4361 | D:7      | Reached XP level 9. HP: 81/81 MP: 8/8
  4951 | D:8      | Reached *** piety under Trog
  5192 | D:8      | Noticed an elephant
  5204 | D:8      | Killed an elephant
  5465 | D:8      | Noticed Grum
  5477 | D:8      | Killed Grum
  6365 | D:9      | Reached XP level 10. HP: 66/91 MP: 9/9
  6469 | D:9      | Noticed a two-headed ogre
  6473 | D:9      | Killed a two-headed ogre
  6539 | D:9      | Reached skill level 10 in Fighting
  6539 | D:9      | Reached skill level 10 in Axes
  6846 | D:9      | Found an iron altar of Okawaru.
  6878 | D:9      | Found a staircase to the Orcish Mines.
  6880 | D:9      | Found a burning altar of Makhleb.
  6891 | D:9      | Reached skill level 10 in Armour
  7269 | D:9      | Noticed a centaur warrior
  7277 | D:9      | Killed a centaur warrior
  7653 | D:10     | Entered Level 10 of the Dungeon
  7878 | D:10     | Reached XP level 11. HP: 88/101 MP: 10/10
  8027 | D:10     | Noticed Psyche
  8036 | D:10     | Killed Psyche
  8380 | D:10     | Noticed a two-headed ogre
  8388 | D:10     | Killed a two-headed ogre
  8396 | D:10     | Reached skill level 10 in Dodging
  8589 | D:10     | Reached **** piety under Trog
  9247 | D:11     | Noticed a purple ugly thing
  9262 | D:11     | Killed a purple ugly thing
  9698 | D:11     | Found a staircase to the Lair.
  9938 | Lair:1   | Entered Level 1 of the Lair of Beasts
 10331 | Lair:1   | Noticed a four-headed hydra
 10337 | Lair:1   | Killed a six-headed hydra
 10544 | Lair:1   | Noticed an eight-headed hydra
 10553 | Lair:1   | Killed a 13-headed hydra
 10604 | Lair:1   | Found a transporter.
 10643 | Lair:1   | Noticed PoweredByGinger's ghost (journeyman MiBe)
 11299 | Lair:1   | Found a transporter.
 11560 | Lair:2   | Found a staircase to the Snake Pit.
 11622 | Lair:2   | Reached XP level 12. HP: 93/112 MP: 11/11
 11749 | Lair:2   | Noticed a four-headed hydra
 11761 | Lair:2   | Killed a 12-headed hydra
 12908 | Lair:3   | Noticed pkoi's ghost (journeyman DrAE)
 12913 | Lair:3   | Found a transporter.
 12938 | Lair:3   | Found a transporter.
 13685 | Lair:3   | Reached ***** piety under Trog
 14127 | Lair:4   | Found a staircase to the Shoals.
 14301 | Lair:4   | Received a gift from Trog
 14406 | Lair:4   | Reached XP level 13. HP: 102/123 MP: 12/12
 14616 | Lair:4   | Noticed Sonja
 14642 | Lair:4   | Killed Sonja
 15127 | Lair:4   | Noticed Snorg
 15134 | Lair:4   | Killed Snorg
 16167 | Lair:5   | Found a transporter.
 16167 | Lair:5   | Found a transporter.
 16637 | Lair:5   | Slain by a six-headed hydra

Illustrated notes

Levels and vault maps discovered:
D:1:      mainiacjoe_arrival_reflecting_pool, layout_rooms,
          dreamdust_ecumenical_altar_angels_and_demons, corner_web_ring
D:2:      layout_basic
D:3:      layout_basic, nicolae_overflow_hidden_temple,
          mainiacjoe_overflow_24_doors, serial_shops, shop,
          lightli_corner_chamber, uniq_terence
D:4:      layout_rooms, mainiacjoe_overflow_concentric_impassable,
          tso_oasis_becter, serial_glass, glass_columns_b, glass_columns_b
D:5:      layout_layer_cave, trog_three_pillars_becter,
          minmay_temple_entry_fiery, minmay_puff
D:6:      layout_loops_ring, gammafunk_temple_overflow_forgotten,
          chequers_serial_rivers_room_b, nicolae_figureground_pulse
D:7:      layout_basic, kennysheep_donut, serial_bayou_pond_b, uniq_harold
D:8:      layout_basic, uniq_grum
D:9:      layout_long_grid, bloody_makhleb, okawaru_humans, orc_0_dummy,
          small_chamber_with_monster
D:10:     layout_grid_maze, kennysheep_minor_cross, uniq_psyche
D:11:     layout_cave_pools, lair_entry_dummy, minmay_liquid_box
Lair:1:   layout_long_grid, gammafunk_ghost_hive, nicolae_lair_liquid_snakes
Lair:2:   layout_loops_ring, minmay_snake_entry_guardpost_small,
          beast_lair_carwin_9, infiniplex_staircase_pool_2, serial_bayou_shore_b
Lair:3:   layout_hall_layers, gammafunk_ghost_arena, grunt_megastairs_1
Lair:4:   layout_cave_pods, shoals_dummy_entry, uniq_snorg, uniq_sonja
Lair:5:   gammafunk_boulding_lane, layout_cave_pods, special_room
          [special_room_mythical_zoo], lemuel_fruit_tree

Skill      XL: |  1  2  3  4  5  6  7  8  9 10 11 12 13 |
---------------+----------------------------------------+-----
Axes           | 4 5 6 7 9 10 12 13 14 | 14.5
Fighting       | 4 5 6 7 9 10 12 13 14 | 14.5
Armour         | 3 4 5 6 7 9 10 12 13 14 | 14.3
Dodging        | 3 4 5 6 8 9 11 12 13 | 13.1

Action                   |  1- 3 |  4- 6 |  7- 9 | 10-12 | 13-15 || total
-------------------------+-------+-------+-------+-------+-------++-------
Melee: Hand axe          |    52 |    78 |   172 |       |       ||   302
       Headbutt          |     6 |    15 |    41 |    97 |    16 ||   175
       Punch             |     1 |     1 |       |       |       ||     2
       War axe           |       |       |    44 |   373 |       ||   417
       Unarmed           |       |       |       |     8 |       ||     8
       Executioner's axe |       |       |       |     6 |    94 ||   100
Throw: Throwing net      |       |       |       |       |     2 ||     2
Invok: Berserk           |     1 |     2 |     6 |    13 |     5 ||    27
       Brothers in Arms  |       |       |       |       |     1 ||     1
 Stab: Sleeping          |     1 |       |       |       |       ||     1
Armor: Animal skin       |    18 |    13 |       |       |       ||    31
       Chain mail        |       |       |   108 |   188 |    76 ||   372
Dodge: Dodged            |    37 |    50 |   138 |   315 |    83 ||   623
Block: Buckler           |       |       |    29 |    26 |       ||    55
       Kite shield       |       |       |       |    58 |       ||    58
